 Dungeon Crawl Stone Soup version 0.19.0-2-gae57169 (webtiles) character file.

144 Gingerlord the Skirmisher (level 5, -5/41 HPs)
             Began as a Human Skald on Nov 6, 2016.
             Slain by an iguana (9 damage)
             ... on level 4 of the Dungeon.
             The game lasted 00:05:32 (3179 turns).

Gingerlord the Skirmisher (Human Skald)             Turns: 3179, Time: 00:05:33

Health: -5/41      AC: 11    Str: 14    XL:     5   Next: 52%
Magic:  8/8        EV:  4    Int: 12    God:
Gold:   121        SH:  0    Dex: 12    Spells: 1 memorised, 7 levels left

rFire  . . .     SeeInvis .     a - +0 falchion
rCold  . . .     Gourm    .     n - +0 plate armour
rNeg   . . .     Faith    +     (no shield)
rPois  .         Spirit   .     (no helmet)
rElec  .         Reflect  .     (no cloak)
rCorr  .         Harm     .     (no gloves)
MR     .....     Rnd*Tele +     (no boots)
Stlth  ..........               b - amulet of faith
                                (no ring)
                                e - ring of teleportation (curse)

@: no status effects
A: no striking features
a: no special abilities


You were on level 4 of the Dungeon.
You were hungry.

You visited 1 branch of the dungeon, and saw 4 of its levels.

You collected 121 gold pieces.

Inventory:

Hand Weapons
 a - a +0 falchion (weapon)
Armour
 n - a +0 plate armour (worn)
Jewellery
 b - an amulet of faith (around neck)
 e - a cursed ring of teleportation (left hand)
 o - a +2 ring of strength {unknown}
Wands
 v - a wand of slowing (5/48)
Scrolls
 g - a scroll of blinking
 h - a scroll of fear {unknown}
 j - a scroll of magic mapping
 l - a scroll of teleportation
 q - a scroll of identify
 r - a scroll of remove curse {unknown}
Potions
 i - a potion of lignification
 k - a potion of cancellation {unknown}
 p - a potion of brilliance {unknown}
 s - a potion of heal wounds {unknown}
 u - a potion of haste {unknown}
Books
 c - a book of Battle

   Spells                             Type                      Level
   a - Infusion                       Charms                       1
   b - Shroud of Golubria             Charms/Translocation         2
   c - Song of Slaying                Charms                       2
   d - Spectral Weapon                Hexes/Charms                 3
   e - Regeneration                   Charms/Necromancy            3
Comestibles
 d - a bread ration
 t - 2 meat rations


   Skills:
 + Level 3.1 Fighting
 + Level 3.1 Long Blades
 + Level 2.4 Armour
 + Level 2.5 Dodging
 - Level 2.0 Spellcasting
 - Level 3.0 Charms


You had 7 spell levels left.
You knew the following spells:

 Your Spells              Type           Power        Failure   Level  Hunger
a - Infusion              Chrm           #...         100%        1    ##.....


Dungeon Overview and Level Annotations

Branches:
Dungeon (4/15)
 Temple: D:4-7

Altars:
Hepliaklqana
Kikubaaqudgha
Trog


Message History

The iguana bites you!
You hit the iguana but do no damage.
The iguana is moderately wounded.
The iguana bites you!
Your plate armour prevents you from hitting the iguana.
The iguana is moderately wounded.
The iguana bites you but does no damage.
You hit the iguana.
The iguana is heavily wounded.
The iguana bites you. The iguana barely misses you.
You riposte.
Your plate armour prevents you from hitting the iguana.
The iguana is heavily wounded.
You closely miss the iguana.
The iguana is heavily wounded.
The iguana bites you!
* * * LOW HITPOINT WARNING * * *
You barely miss the iguana.
The iguana is heavily wounded.
The iguana bites you!
You die...

#### ##...##
##.....##..
#.........# ####
#........#..
....##..........#
###...#.......!..
.......@.......#
######.l......# #
#.............#
..
..#..#......#.#
?.
.....###......#.#
...$.###........#
..........#...###
...#####..#.....#
#..#..#...>..


You could see an iguana.

Vanquished Creatures
  5 adders
  2 oozes (D:1)
  2 worms (D:2)
  A dart slug (D:3)
  2 leopard geckos
  An orc (D:3)
  2 ball pythons (D:1)
  13 bats
  3 bat zombies (D:3)
  3 giant cockroaches
  10 goblins
  13 hobgoblins
  A frilled lizard (D:3)
  7 kobolds
  14 rats
  A rat zombie (D:3)
80 creatures vanquished.

Notes
Turn   | Place    | Note
-------+----------+-------------------------------------------
     0 | D:1      | Gingerlord the Human Skald began the quest for the Orb.
     0 | D:1      | Reached XP level 1. HP: 16/16 MP: 3/3
    71 | D:1      | Reached XP level 2. HP: 21/22 MP: 5/5
   304 | D:1      | Reached XP level 3. HP: 23/27 MP: 6/6
   753 | D:1      | Reached XP level 4. HP: 28/34 MP: 7/7
  1630 | D:2      | Reached XP level 5. HP: 33/41 MP: 8/8
  1932 | D:2      | Found a hazy altar of Hepliaklqana.
  1933 | D:2      | Found a bloodstained altar of Trog.
  2547 | D:3      | Found an ancient bone altar of Kikubaaqudgha.
  2860 | D:4      | HP: 1/41 [iguana (3)]
  3179 | D:4      | Slain by an iguana

Skill      XL: |  1  2  3  4 |
---------------+-------------+-----
Dodging        | 2 |  2.5
Fighting       | 3 |  3.1
Armour         | 2 |  2.4
Long Blades    | 3 |  3.1
Spellcasting   | |  2.0
Charms         | |  3.0

Action                   |  1- 3 |  4- 6 || total
-------------------------+-------+-------++-------
Melee: Falchion          |    85 |   255 ||   340
 Cast: Infusion          |       |     1 ||     1
Evoke: Wand              |       |     2 ||     2
  Use: Scroll            |       |     4 ||     4
  Eat: Chunk             |       |     5 ||     5
       Fruit             |       |     1 ||     1
       Pizza             |       |     1 ||     1
Armor: Leather armour    |    20 |    30 ||    50
       Plate armour      |       |   204 ||   204
Dodge: Dodged            |    70 |   109 ||   179
       Rpst.: Falchion   |    26 |    32 ||    58
